TOP OF THE 1ST |
Aberdeen Ironbirds batting - Pitching for Vermont Lake Monsters : RHP Victor Sanchez
|
Pitching: RHP Victor Sanchez
|
|
Batting: RHB Tony Godley
|
0-0: Ball 1-0: Swinging Strike 1-1: Foul Ball, location: 2F 1-2: Foul Ball, location: 2F 1-2: TRIPLE (Line Drive, 78XD, EV 104.4 MPH)
|
Batting: RHB Mike Pitts
|
0-0: Ball 1-0: Swinging Strike 1-1: Called Strike 1-2: Ball 2-2: Strikes out swinging
|
Batting: RHB Matt O'Dea
|
0-0: Called Strike 0-1: Swinging Strike 0-2: Strikes out looking
|
Batting: RHB Josh Hopp
|
0-0: Ball 1-0: Ground out 1-3 (Groundball, 25, EV 73.8 MPH)
|
Top of the 1st over - 0 runs, 1 hit, 0 errors, 1 left on base; Aberdeen 0 - Vermont 0 |
BOTTOM OF THE 1ST |
Vermont Lake Monsters batting - Pitching for Aberdeen Ironbirds : RHP Steve Webb
|
Pitching: RHP Steve Webb
|
|
Batting: RHB Franklin Salazar
|
0-0: Ball 1-0: Foul Ball, location: 2F 1-1: Foul Ball, location: 2F 1-2: Strikes out swinging
|
Batting: RHB Micah Roth
|
0-0: Ground out 4-3 (Groundball, 4, EV 90.0 MPH)
|
Batting: LHB Alejandro Muniz
|
0-0: Called Strike 0-1: Called Strike 0-2: Strikes out swinging
|
Bottom of the 1st over - 0 runs, 0 hits, 0 errors, 0 left on base; Aberdeen 0 - Vermont 0 |
TOP OF THE 2ND |
Aberdeen Ironbirds batting - Pitching for Vermont Lake Monsters : RHP Victor Sanchez
|
Batting: LHB Keith Long
|
0-0: Ground out U3 (Groundball, 3S, EV 69.4 MPH)
|
Batting: RHB Ethan Finke
|
0-0: Ground out 6-3 (Groundball, 6, EV 79.4 MPH)
|
Batting: RHB Daniel Jackson
|
0-0: Swinging Strike 0-1: Foul Ball, location: 2F 0-2: Strikes out swinging
|
Top of the 2nd over - 0 runs, 0 hits, 0 errors, 0 left on base; Aberdeen 0 - Vermont 0 |
BOTTOM OF THE 2ND |
Vermont Lake Monsters batting - Pitching for Aberdeen Ironbirds : RHP Steve Webb
|
Batting: LHB Ed Talamantes
|
0-0: Ball 1-0: Ball 2-0: SINGLE (Groundball, 3D, EV 100.0 MPH)
|
Batting: LHB Felipe Gomez
|
0-0: Ball 1-0: Called Strike 1-1: Swinging Strike 1-2: Strikes out swinging
|
Batting: RHB Chris Temple
|
0-0: Called Strike 0-1: Foul Ball, location: 2F 0-2: SINGLE (Groundball, 4D, EV 103.8 MPH) Ed Talamantes to second Runner from 2nd tries for 3rd, SAFE, throw by RF made to third
|
Batting: RHB Walt Alaniz
|
0-0: Ball 1-0: Ball 2-0: Called Strike 2-1: Called Strike 2-2: Ball 3-2: Foul Ball, location: 2F 3-2: Strikes out swinging
|
Batting: LHB Miguel Maymi
|
0-0: SINGLE (Groundball, 4M, EV 99.4 MPH) (infield hit) Ed Talamantes scores Chris Temple to second
|
Batting: RHB Ricky Trejo
|
0-0: Fielders Choice at 2nd, 6-4 (Groundball, 6, EV 81.9 MPH)
|
Bottom of the 2nd over - 1 run, 3 hits, 0 errors, 2 left on base; Aberdeen 0 - Vermont 1 |
TOP OF THE 3RD |
Aberdeen Ironbirds batting - Pitching for Vermont Lake Monsters : RHP Victor Sanchez
|
Batting: RHB Luke Vaccarino
|
0-0: Ball 1-0: Ball 2-0: Ground out 1-3 (Groundball, 13S, EV 61.2 MPH)
|
Batting: RHB Ismael Macedo
|
0-0: Fly out, F7 (Flyball, 7S, EV 80.0 MPH)
|
Batting: RHB Tony Godley
|
0-0: Foul Ball, location: 2F 0-1: Ball 1-1: Called Strike 1-2: Ball 2-2: TRIPLE (Flyball, 89XD, EV 105.6 MPH)
|
Batting: RHB Mike Pitts
|
0-0: Ground out 5-3 (Groundball, 56S, EV 69.4 MPH)
|
Top of the 3rd over - 0 runs, 1 hit, 0 errors, 1 left on base; Aberdeen 0 - Vermont 1 |
BOTTOM OF THE 3RD |
Vermont Lake Monsters batting - Pitching for Aberdeen Ironbirds : RHP Steve Webb
|
Batting: RHB Franklin Salazar
|
0-0: Ball 1-0: Foul Ball, location: 2F 1-1: Ground out 4-3 (Groundball, 4, EV 79.4 MPH)
|
Batting: RHB Micah Roth
|
0-0: Ball 1-0: Called Strike 1-1: Ball 2-1: Foul Ball, location: 2F 2-2: Ground out 6-3 (Groundball, 6, EV 97.5 MPH)
|
Batting: LHB Alejandro Muniz
|
0-0: Called Strike 0-1: Swinging Strike 0-2: Ball 1-2: SINGLE (Line Drive, 89S, EV 98.8 MPH)
|
Batting: LHB Ed Talamantes
|
0-0: Ball 1-0: Ball 2-0: Called Strike 2-1: Called Strike 2-2: Foul Ball, location: 2F 2-2: Foul Ball, location: 2F 2-2: Foul Ball, location: 2F 2-2: Ball 3-2: Ground out 5-3 (Groundball, 56, EV 86.9 MPH)
|
Bottom of the 3rd over - 0 runs, 1 hit, 0 errors, 1 left on base; Aberdeen 0 - Vermont 1 |
TOP OF THE 4TH |
Aberdeen Ironbirds batting - Pitching for Vermont Lake Monsters : RHP Victor Sanchez
|
Batting: RHB Matt O'Dea
|
0-0: Ball 1-0: Called Strike 1-1: Foul Ball, location: 2F 1-2: Strikes out swinging
|
Batting: RHB Josh Hopp
|
0-0: Ball 1-0: Called Strike 1-1: Ball 2-1: Reached on error, E3 (Groundball, 34, EV 83.1 MPH)
|
Batting: LHB Keith Long
|
0-0: Ball Josh Hopp steals 2nd base 1-0: Ball 2-0: Called Strike 2-1: Ball 3-1: Base on Balls
|
Batting: RHB Ethan Finke
|
0-0: Foul Ball, location: 2F 0-1: Called Strike Josh Hopp steals 3rd base 0-2: Ball 1-2: Ball 2-2: Strikes out swinging
|
Batting: RHB Daniel Jackson
|
0-0: Called Strike 0-1: Ball 1-1: Ball 2-1: Ball 3-1: Called Strike 3-2: Foul Ball, location: 2F 3-2: SINGLE (Line Drive, 4D, EV 106.2 MPH) Josh Hopp scores Keith Long to second Keith Long to third
|
Batting: RHB Luke Vaccarino
|
0-0: DOUBLE (Flyball, 89D, EV 105.6 MPH) Keith Long scores Daniel Jackson to third
|
Batting: RHB Ismael Macedo
|
Balk! Daniel Jackson scores Luke Vaccarino to third 0-0: Swinging Strike 0-1: Ball 1-1: Foul Ball, location: 2F 1-2: Ball 2-2: Foul Ball, location: 2F 2-2: Strikes out swinging
|
Top of the 4th over - 3 runs, 2 hits, 1 error, 1 left on base; Aberdeen 3 - Vermont 1 |
BOTTOM OF THE 4TH |
Vermont Lake Monsters batting - Pitching for Aberdeen Ironbirds : RHP Steve Webb
|
Batting: LHB Felipe Gomez
|
0-0: Called Strike 0-1: Ground out 4-3 (Groundball, 34, EV 101.2 MPH)
|
Batting: RHB Chris Temple
|
0-0: Ball 1-0: Ball 2-0: Ball 3-0: Called Strike 3-1: SINGLE (Groundball, 56D, EV 105.0 MPH)
|
Batting: RHB Walt Alaniz
|
0-0: Foul Ball, location: 2F 0-1: Ball 1-1: Called Strike 1-2: Ball 2-2: Ball 3-2: Foul Ball, location: 2F 3-2: Base on Balls Chris Temple to second
|
Batting: LHB Miguel Maymi
|
0-0: SINGLE (Groundball, 4MD, EV 98.1 MPH) Chris Temple to third Walt Alaniz to second Runner from 3rd tries for Home, SAFE, throw by CF to home
|
Batting: RHB Ricky Trejo
|
0-0: Called Strike 0-1: SINGLE (Line Drive, 5D, EV 96.9 MPH) Walt Alaniz to third Miguel Maymi to second
|
Batting: RHB Franklin Salazar
|
0-0: Called Strike 0-1: Ball 1-1: Foul Ball, location: 2F 1-2: Ball Wild Pitch! Walt Alaniz scores Miguel Maymi to third Ricky Trejo to second 2-2: Ball 3-2: Foul Ball, location: 2F 3-2: Fly out, F9 (Flyball, 89S, EV 75.0 MPH)
|
Batting: RHB Micah Roth
|
0-0: Ball 1-0: Ground out 6-3 (Groundball, 6, EV 101.9 MPH)
|
Bottom of the 4th over - 2 runs, 3 hits, 0 errors, 2 left on base; Aberdeen 3 - Vermont 3 |
TOP OF THE 5TH |
Aberdeen Ironbirds batting - Pitching for Vermont Lake Monsters : RHP Victor Sanchez
|
Batting: RHB Tony Godley
|
0-0: Swinging Strike 0-1: Called Strike 0-2: Strikes out swinging
|
Batting: RHB Mike Pitts
|
0-0: Ball 1-0: Ball 2-0: Ground out 4-3 (Groundball, 4, EV 104.4 MPH)
|
Batting: RHB Matt O'Dea
|
0-0: Ball 1-0: Ball 2-0: Called Strike 2-1: Foul Ball, location: 2F 2-2: Strikes out looking
|
Top of the 5th over - 0 runs, 0 hits, 0 errors, 0 left on base; Aberdeen 3 - Vermont 3 |
BOTTOM OF THE 5TH |
Vermont Lake Monsters batting - Pitching for Aberdeen Ironbirds : RHP Steve Webb
|
Batting: LHB Alejandro Muniz
|
0-0: Called Strike 0-1: Swinging Strike 0-2: Ball 1-2: Ball 2-2: Foul Ball, location: 2F 2-2: Ground out 1-3 (Groundball, 34S, EV 67.5 MPH)
|
Batting: LHB Ed Talamantes
|
0-0: Foul Ball, location: 2F 0-1: Ball 1-1: Foul Ball, location: 2F 1-2: Ball 2-2: Strikes out swinging
|
Batting: LHB Felipe Gomez
|
0-0: Called Strike 0-1: Called Strike 0-2: Foul Ball, location: 2F 0-2: Ball 1-2: Ball 2-2: Foul Ball, location: 2F 2-2: Ground out U3 (Groundball, 34, EV 85.0 MPH)
|
Bottom of the 5th over - 0 runs, 0 hits, 0 errors, 0 left on base; Aberdeen 3 - Vermont 3 |
TOP OF THE 6TH |
Aberdeen Ironbirds batting - Pitching for Vermont Lake Monsters : RHP Victor Sanchez
|
Batting: RHB Josh Hopp
|
0-0: Ball 1-0: Ball 2-0: Ground out 3-1 (Groundball, 34S, EV 94.4 MPH)
|
Batting: LHB Keith Long
|
0-0: Called Strike 0-1: Ground out U3 (Groundball, 34, EV 108.1 MPH)
|
Batting: RHB Ethan Finke
|
0-0: Fly out, F9 (Flyball, 9, EV 93.8 MPH)
|
Top of the 6th over - 0 runs, 0 hits, 0 errors, 0 left on base; Aberdeen 3 - Vermont 3 |
BOTTOM OF THE 6TH |
Vermont Lake Monsters batting - Pitching for Aberdeen Ironbirds : RHP Steve Webb
|
Pitching: RHP Nick Hodge
|
|
Batting: RHB Chris Temple
|
0-0: Ball 1-0: Ball 2-0: Ball 3-0: Called Strike 3-1: Base on Balls
|
Batting: RHB Walt Alaniz
|
0-0: Fielders Choice at 2nd, 5-4 (Groundball, 5S, EV 88.1 MPH)
|
Batting: LHB Miguel Maymi
|
0-0: Ball 1-0: Called Strike 1-1: Foul Ball, location: 2F 1-2: SINGLE (Groundball, 4D, EV 95.6 MPH) Walt Alaniz to second Runner from 2nd tries for 3rd, OUT! 8-5 Miguel Maymi to second
|
Batting: RHB Ricky Trejo
|
0-0: SINGLE (Line Drive, 9S, EV 106.2 MPH) Miguel Maymi to third
|
Batting: RHB Franklin Salazar
|
0-0: Called Strike 0-1: Swinging Strike 0-2: Foul Ball, location: 2F 0-2: Hit by Pitch Ricky Trejo to second
|
Batting: RHB Micah Roth
|
0-0: Ball 1-0: Foul Ball, location: 2F 1-1: SINGLE (Groundball, 25, EV 68.8 MPH) (infield hit) Miguel Maymi scores Ricky Trejo to third Franklin Salazar to second
|
Batting: LHB Alejandro Muniz
|
0-0: Ball 1-0: Fielders Choice at 2nd, 6-4 (Groundball, 6MD, EV 83.8 MPH)
|
Bottom of the 6th over - 1 run, 3 hits, 0 errors, 3 left on base; Aberdeen 3 - Vermont 4 |
TOP OF THE 7TH |
Aberdeen Ironbirds batting - Pitching for Vermont Lake Monsters : RHP Victor Sanchez
|
Batting: RHB Daniel Jackson
|
0-0: Ball 1-0: Swinging Strike 1-1: Ball 2-1: Ball 3-1: Foul Ball, location: 2F 3-2: Strikes out swinging
|
Pitching: RHP John Gloe
|
|
Batting: RHB Luke Vaccarino
|
0-0: Called Strike 0-1: Called Strike 0-2: Foul Ball, location: 2F 0-2: Ball 1-2: Foul Ball, location: 2F 1-2: Ball 2-2: Ball 3-2: Strikes out looking
|
Batting: RHB Ismael Macedo
|
0-0: Foul Ball, location: 2F 0-1: Swinging Strike 0-2: Ball 1-2: Ground out 5-3 (Groundball, 5, EV 91.2 MPH)
|
Top of the 7th over - 0 runs, 0 hits, 0 errors, 0 left on base; Aberdeen 3 - Vermont 4 |
BOTTOM OF THE 7TH |
Vermont Lake Monsters batting - Pitching for Aberdeen Ironbirds : RHP Nick Hodge
|
Batting: LHB Ed Talamantes
|
0-0: Called Strike 0-1: Fly out, F9 (Flyball, 9, EV 92.5 MPH)
|
Batting: LHB Felipe Gomez
|
0-0: Ball 1-0: Ball 2-0: Ball 3-0: Called Strike 3-1: Foul Ball, location: 2F 3-2: Foul Ball, location: 2F 3-2: Strikes out swinging
|
Batting: RHB Chris Temple
|
0-0: Swinging Strike 0-1: SINGLE (Groundball, 6MD, EV 95.0 MPH)
|
Pitching: RHP Casey Tietjen
|
|
Batting: RHB Walt Alaniz
|
0-0: Swinging Strike 0-1: Ball 1-1: Fly out, F8 (Flyball, 78M, EV 80.6 MPH)
|
Bottom of the 7th over - 0 runs, 1 hit, 0 errors, 1 left on base; Aberdeen 3 - Vermont 4 |
TOP OF THE 8TH |
Aberdeen Ironbirds batting - Pitching for Vermont Lake Monsters : RHP John Gloe
|
Batting: RHB Tony Godley
|
0-0: Foul Ball, location: 2F 0-1: Ball 1-1: Swinging Strike 1-2: Ball 2-2: Ball 3-2: Strikes out swinging
|
Batting: RHB Mike Pitts
|
0-0: Called Strike 0-1: Ball 1-1: Ball 2-1: Swinging Strike 2-2: Strikes out looking
|
Batting: RHB Matt O'Dea
|
0-0: Called Strike 0-1: Foul Ball, location: 2F 0-2: Ball 1-2: Ground out 6-3 (Groundball, 6, EV 88.8 MPH)
|
Top of the 8th over - 0 runs, 0 hits, 0 errors, 0 left on base; Aberdeen 3 - Vermont 4 |
BOTTOM OF THE 8TH |
Vermont Lake Monsters batting - Pitching for Aberdeen Ironbirds : RHP Casey Tietjen
|
Batting: LHB Miguel Maymi
|
0-0: Called Strike 0-1: Ball 1-1: Ball 2-1: Called Strike 2-2: DOUBLE (Line Drive, 78M, EV 100.6 MPH)
|
Batting: RHB Ricky Trejo
|
0-0: Ball 1-0: Ball 2-0: SINGLE (Line Drive, 9S, EV 85.0 MPH) Miguel Maymi to third
|
Batting: RHB Franklin Salazar
|
0-0: Foul Ball, location: 2F 0-1: Called Strike 0-2: Foul Ball, location: 2F 0-2: Ball 1-2: Ball 2-2: Foul Ball, location: 2F 2-2: Fly out, F8 (Line Drive, 8RM, EV 93.8 MPH) Runner from 3rd tags up, SCORES, no throw by CF
|
Batting: RHB Micah Roth
|
0-0: Called Strike 0-1: Ball 1-1: Foul Ball, location: 2F 1-2: Grounds into double play, 4-6-3 (Groundball, 4S, EV 88.1 MPH)
|
Bottom of the 8th over - 1 run, 2 hits, 0 errors, 0 left on base; Aberdeen 3 - Vermont 5 |
TOP OF THE 9TH |
Aberdeen Ironbirds batting - Pitching for Vermont Lake Monsters : RHP John Gloe
|
Pitching: RHP Bryan Vandenburgh
|
|
Now at 1B: Jamie Jennings
|
|
Batting: RHB Josh Hopp
|
0-0: Called Strike 0-1: Ball 1-1: Ball 2-1: Ground out 4-3 (Groundball, 4, EV 88.8 MPH)
|
Batting: LHB Keith Long
|
0-0: Ball 1-0: Ground out 4-3 (Groundball, 4S, EV 84.4 MPH)
|
Batting: RHB Ethan Finke
|
0-0: Ball 1-0: Swinging Strike 1-1: Ball 2-1: Fly out, F7 (Flyball, 78S, EV 88.8 MPH)
|
Top of the 9th over - 0 runs, 0 hits, 0 errors, 0 left on base; Aberdeen 3 - Vermont 5 |
|